AoeStats
← _xRegulusx_

Nomad

509181767Analyzed
4v4 RM · 7d ago on Sep 25, 2026· 31m 45s· 8 players
Game mode
Random Map
Map size
231×231
Population
200
Speed
Normal
Resources
Standard
Victory
Conquest
Starting age
Dark Age
Ending age
Imperial Age
RankedLock teamsTeams togetherTeam positionsShared explorationLock speedFull tech treeHidden civsTurbo modeCheats
Victory
Defeat
🇳🇴 Vikings · Norway
1725
+9
🇳🇴 Spanish · Norway
1679
+10
🇨🇭 Dravidians · Switzerland
1503
+17
🇦🇷 Berbers · Argentina
1501
+17
🇦🇷 Celts · Argentina
1611
-16
🇲🇽 Gurjaras · Mexico
1586
-15
🇺🇸 Varangians · United States
1487
-11
🇨🇦 Danes · Canada
1482
-11
_xRegulusx_
5:38 Loom
13:05 Feudal Age
13:35 Double-Bit Axe
17:32 Town Watch
22:37 Castle Age
EXILE | NOPALITO
4:37 Loom
14:07 Feudal Age
15:25 Fletching
16:06 Double-Bit Axe
22:36 Castle Age
21:05 Gold Mining
23:31 Medium Warships
23:50 Bow Saw
25:06 Medium Warships
25:46 Bodkin Arrow
xXbananamanXx
6:01 Loom
12:58 Feudal Age
13:30 Double-Bit Axe
18:53 Castle Age
19:12 Forging
18:55 Fletching
30:56 Bow Saw
30:37 Horse Collar
31:48 Wheelbarrow
Revvv
2:56 Loom
13:47 Feudal Age
17:26 Castle Age
15:55 Stone Mining
16:36 Double-Bit Axe
17:11 Fishing Lines
18:40 Bow Saw
18:21 Town Watch
19:08 Scale Mail Armor
19:02 Gold Mining
25:48 Horse Collar
[Nors] Laksen ><(((º>
4:27 Loom
13:47 Feudal Age
17:41 Castle Age
15:33 Double-Bit Axe
16:55 Town Watch
20:18 Padded Archer Armor
25:11 Bow Saw
27:07 Leather Archer Armor
31:18 Bloodlines
31:08 Husbandry
Ministro ChocoArroz
6:24 Loom
12:16 Feudal Age
16:17 Castle Age
17:00 Double-Bit Axe
18:01 Fletching
18:37 Bodkin Arrow
26:46 Horse Collar
27:20 Bow Saw
27:17 Gold Mining
28:28 Fishing Lines
31:32 Imperial Age
31:29 Wheelbarrow
31:17 Bloodlines
31:07 Husbandry
32:00 Thumb Ring
32:22 Bracer
[Nors] ImSimon
8:33 Loom
13:46 Feudal Age
17:32 Castle Age
15:25 Double-Bit Axe
17:31 Forging
17:30 Gold Mining
18:41 Medium Warships
19:39 Fishing Lines
20:44 Gillnets
21:36 Bow Saw
26:50 Clinker Construction
26:55 Careening
26:49 Town Watch
26:55 Stone Mining
26:50 Horse Collar
koebi
13:28 Feudal Age
14:42 Town Watch
17:20 Castle Age
15:33 Double-Bit Axe
16:48 Horse Collar
18:30 Bow Saw
18:41 Loom
23:36 Fletching
28:23 Fishing Lines
Connection lost

Rejoining the realm…

Still unreachable

The connection could not be restored.

Session expired

The server has moved on; the page needs a fresh start.